 Dungeon Crawl Stone Soup version 0.27.1-34-g3ba077fa99 (webtiles) character file.

Game seed: 5875580228685638538

74 Descartes the Grasshopper (level 4, -1/33 HPs)
             Began as a Formicid Warper on Jan 16, 2022.
             Was an Initiate of Ashenzari.
             Slain by an orc (8 damage)
             ... in a bailey.
             The game lasted 00:07:06 (3784 turns).

Descartes the Grasshopper (Formicid Warper)         Turns: 3784, Time: 00:07:06

Health: -1/33      AC:  4    Str: 17    XL:     4   Next: 52%
Magic:  7/7        EV: 11    Int: 12    God:    Ashenzari [......]
Gold:   114        SH:  6    Dex: 10    Spells: 7/7 levels left

rFire    . . .     SeeInvis +   a - +1 mace
rCold    + . .     Faith    .   f - +2 buckler "Share My Mistrust" {Alch, Melee} (curse)
rNeg     . . .     Spirit   .   b - +1 leather armour
rPois    .         Reflect  .   (helmet unavailable)
rElec    .         Harm     .   (no cloak)
rCorr    .         Rampage  .   (no gloves)
Will     .....                  (no boots)
Stlth    +.........             (no amulet)
HPRegen  0.00/turn              (no ring)
MPRegen  0.10/turn              (no ring)

@: inhibited regen
A: permanent stasis, dig shafts and tunnels, antennae 3, four strong arms, cold
resistance 1, screaming 1, inhibited regeneration
a: Dig, Renounce Religion, Curse Item, Shatter the Chains


You were in a bailey.
You worshipped Ashenzari.
Ashenzari was noncommittal.
You visited 1 branch of the dungeon, and saw 5 of its levels.
You also visited: Bailey.

You collected 114 gold pieces.

Inventory:

Hand Weapons
 a - a +1 mace (weapon)
Missiles
 c - 5 boomerangs of dispersal (quivered)
 d - 100 stones
 k - a throwing net
Armour
 b - a +1 leather armour (worn)
 f - the cursed +2 buckler "Share My Mistrust" (worn) {Alch, Melee}
   (You found it on level 1 of the Dungeon)

   It has a curse which improves the following skills: Alchemy: Poison Magic and
   Transmutations.
   Melee Combat: Short Blades, Long Blades, Axes, Maces & Flails, Polearms,
   Staves and Unarmed Combat.
Wands
 l - a wand of flame (20)
Scrolls
 g - 2 scrolls of enchant weapon
 h - 2 scrolls of fear
 j - a scroll of holy word
 m - a scroll of fog
Potions
 i - 2 potions of brilliance


   Skills:
 - Level 2.1 Fighting
 - Level 2.0(2.4) Maces & Flails
 - Level 1.0 Throwing
 + Level 2.8 Armour
 - Level 1.7 Dodging
 + Level 2.0 Shields
 - Level 2.1 Spellcasting
 + Level 3.4 Translocations


You had 7 spell levels left.
You didn't know any spells.
Your spell library contained the following spells:

 Spells                   Type           Power      Damage    Failure   Level
 Gell's Gravitas          Tloc           4%         N/A       26%         3
 Lesser Beckoning         Tloc           4%         N/A       26%         3
 Teleport Other           Tloc           9%         N/A       26%         3
 Magic Dart               Conj           4%         1d3       34%         1
 Call Imp                 Summ           1%         N/A       47%         2
 Mephitic Cloud           Conj/Pois/Air  1%         N/A       71%         3
 Manifold Assault         Tloc           9%         N/A       93%         5
 Blink                    Tloc           Unusable   N/A       N/A         2

Dungeon Overview and Level Annotations

Branches:
Dungeon (7/15)             Bailey (1/1)
 Temple: D:4-7

Altars:
Ashenzari
Hepliaklqana
Yredelemnul

Annotations:
D:4 Edmund, Robin


Innate Abilities, Weirdness & Mutations

You cannot be hasted, slowed, berserked, paralysed or teleported.
You can dig through walls and to a lower floor.
You have a pair of large antennae on your head. (SInv)
Your four strong arms can wield two-handed weapons with a shield.
Your flesh is cold resistant. (rC+)
You occasionally shout uncontrollably at your foes.
You do not regenerate when monsters are visible.


Message History

Found two gates leading back out of this place.
There is an empty arch of ancient stone here.
HP restored. 7 orcs come into view.
The orc shouts! x6; You hear a shout!
An orc comes into view. It is wielding a +0 spear.
An orc comes into view. It is wielding a +0 halberd. x2
The orc moves out of view.
You yell at the orc warrior!
An orc warrior comes into view. It is wielding a +0 spear.
You hear a shout! x2
The orc warrior moves out of view.
An orc comes into view. It is wielding a +0 spear.
There is a gate leading back out of this place here.
As you read the scroll of enchant armour, it crumbles to dust.
Your +0 leather armour glows green for a moment.
As you read the scroll of enchant weapon, it crumbles to dust.
Your +0 mace glows red for a moment.
There are monsters nearby!
There are monsters nearby!
The orc completely misses you. The orc closely misses you.
You barely miss the orc. The orc closely misses you.
You block the orc's attack. x2
The orc hits you from afar with a +0 halberd!
The orc misses you. The orc closely misses you. The orc barely misses you.
The orc hits you with a +0 war axe. The orc closely misses you.
The orc misses you.
You closely miss the orc.
The orc hits you from afar with a +0 halberd!
The orc hits you from afar with a +0 spear.
* * * LOW HITPOINT WARNING * * *
The orc barely misses you. You block the orc's attack.
The orc hits you from afar with a +0 spear.
* * * LOW HITPOINT WARNING * * *
You hit the orc.
You kill the orc!
The orc hits you but does no damage. The orc closely misses you.
The orc barely misses you. The orc closely misses you.
You block the orc's attack. The orc hits you with a +0 war axe!
You die...

############
#...oo.@)∩.##
.....oooo...#
.....oooo...#
.......o...∩#
............#
............#
#........∩.##
############


You could see an orc warrior and 10 orcs.

Vanquished Creatures
  An adder zombie (D:3)
  A worm (D:2)
  A dart slug (D:1)
  6 orcs
  7 ball pythons
  3 bats
  7 endoplasms
  3 giant cockroaches (D:1)
  6 goblins
  4 hobgoblins
  3 kobolds
  3 quokkas
  2 ball python zombies (D:3)
  A frilled lizard (D:2)
  6 rats
54 creatures vanquished.

Vanquished Creatures (others)
  A withered plant (D:4)
1 creature vanquished.

Grand Total: 55 creatures vanquished

Notes
Turn   | Place    | Note
-------+----------+-------------------------------------------
     0 | D:1      | Descartes the Formicid Warper began the quest for the Orb.
     0 | D:1      | Reached XP level 1. HP: 16/16 MP: 3/3
   268 | D:1      | Reached XP level 2. HP: 22/22 MP: 5/5
   340 | D:1      | Reached skill level 3 in Translocations
   525 | D:1      | Found a faded altar of an unknown god.
   530 | D:1      | Became a worshipper of Ashenzari the Shackled
   692 | D:1      | Reached XP level 3. HP: 23/27 MP: 6/6
   764 | D:1      | Reached skill level 1 in Shields
  2324 | D:3      | Reached XP level 4. HP: 33/33 MP: 7/7
  2678 | D:3      | Found a hazy altar of Hepliaklqana.
  3103 | D:3      | Found a basalt altar of Yredelemnul.
  3585 | D:4      | Noticed Edmund
  3585 | D:4      | Noticed Robin
  3603 | D:4      | Gained mutation: You occasionally shout uncontrollably at
                  | your foes. [potion of mutation]
  3603 | D:4      | Gained mutation: You do not regenerate when monsters are
                  | visible. [potion of mutation]
  3603 | D:4      | Gained mutation: Your flesh is cold resistant. (rC+)
                  | [potion of mutation]
  3606 | D:4      | You fall into a shaft and drop 3 floors!
  3637 | D:7      | Found a flagged portal.
  3645 | D:7      | Noticed a kobold brigand
  3650 | Bailey   | Entered a bailey
  3776 | Bailey   | Noticed an orc warrior
  3784 | Bailey   | Slain by an orc

Illustrated notes

Levels and vault maps discovered:
D:1:      dpeg_arrival_prison, layout_basic, shapermc_ecumenical_altar_petra
D:2:      layout_loops_cross
D:3:      layout_basic, mainiacjoe_overflow_24_doors,
          nicolae_yredelemnul_corpse_copse
D:4:      layout_basic, grunt_temple_overflow_growth_and_decay, uniq_edmund,
          uniq_robin
D:7:      lemuel_castle_with_subvaults [lemuel_castle_interior_original],
          layout_rooms, enter_bailey_6, nrook_uturn, interstate_on_off
Bailey:   bailey_polearm_5, bailey

Skill      XL: |  1  2  3  4 |
---------------+-------------+-----
Translocations | 3 |  3.4
Armour         | 2 |  2.8
Shields        | 1 2 |  2.0
Fighting       | |  2.1
Maces & Flails | |  2.0
Throwing       | |  1.0
Dodging        | |  1.7
Spellcasting   | |  2.1

Action                   |  1- 3 |  4- 6 || total
-------------------------+-------+-------++-------
Melee: Mace              |   133 |    59 ||   192
Invok: Curse Item        |     1 |       ||     1
 Abil: Dig               |       |     1 ||     1
       Shaft Self        |       |     1 ||     1
  Use: Scroll            |       |     2 ||     2
       Potion            |       |     1 ||     1
 Stab: Sleeping          |       |     1 ||     1
Armor: Leather armour    |    44 |    14 ||    58
Dodge: Dodged            |    78 |    42 ||   120
Block: Buckler           |    17 |    23 ||    40
